 Dungeon Crawl Stone Soup version 0.20.0-4-g10b340a (webtiles) character file.

53 xgamer67 the Skirmisher (level 4, 0/37 HPs)
             Began as a Formicid Enchanter on May 27, 2017.
             Slain by a worker ant (6 damage)
             ... on level 4 of the Dungeon.
             The game lasted 00:13:59 (2700 turns).

xgamer67 the Skirmisher (Formicid Enchanter)        Turns: 2700, Time: 00:14:00

Health: 0/37       AC:  5    Str: 13    XL:     4   Next: 10%
Magic:  3/7        EV: 10    Int: 15    God:
Gold:   135        SH:  0    Dex: 11    Spells: 0/7 levels left

rFire    . . .     SeeInvis +   a - +1 dagger
rCold    . . .     Gourm    .   (no shield)
rNeg     . . .     Faith    .   k - +0 ring mail
rPois    .         Spirit   .   (helmet unavailable)
rElec    .         Reflect  .   (no cloak)
rCorr    .         Harm     .   (no gloves)
MR       .....                  (no boots)
Stlth    ++........             (no amulet)
Regen    0.2/turn               (no ring)
MPRegen  0.1/turn               (no ring)

@: very slightly contaminated, invisible
A: permanent stasis, dig shafts and tunnels, four strong arms, antennae 3
a: Dig, Shaft Self


You were on level 4 of the Dungeon.
You were hungry.

You visited 1 branch of the dungeon, and saw 6 of its levels.

You collected 135 gold pieces.

Inventory:

Hand Weapons
 a - a +1 dagger (weapon)
 m - a +0 trident
 n - a +0 whip
 s - a +0 war axe
Missiles
 g - 79 arrows
 q - 70 stones (quivered)
Armour
 h - a +0 leather armour
 k - a +0 ring mail (worn)
 w - a +2 chain mail of poison resistance
Wands
 x - a wand of flame (15/48)
Scrolls
 b - a scroll of enchant armour
 e - 5 scrolls of identify
 i - a scroll of teleportation {unknown}
 j - a scroll of remove curse
 l - a scroll of random uselessness {unknown}
 o - a scroll of immolation {unknown}
Potions
 r - a potion of mutation
 t - 2 potions of flight {unknown}
 u - a potion of lignification
Books
 c - a book of Maledictions

   Spells                             Type                      Level
   a - Corona                         Hexes                        1
   b - Ensorcelled Hibernation        Hexes/Ice                    2
   c - Confuse                        Hexes                        3
   d - Tukima's Dance                 Hexes                        3
   e - Dazzling Spray                 Conjuration/Hexes            3
Comestibles
 d - 3 bread rations
 p - a meat ration
 v - a royal jelly


   Skills:
 + Level 3.7 Fighting
 - Level 1.0 Short Blades
 - Level 1.7 Dodging
 - Level 3.6 Stealth
 - Level 2.1 Spellcasting
 - Level 3.6 Hexes


You couldn't memorise any spells.
You knew the following spells:

 Your Spells              Type           Power        Failure   Level  Hunger
a - Corona                Hex            ##.....      11%         1    #......
b - Confuse               Hex            ##......     32%         3    ###....
c - Tukima's Dance        Hex            ##......     32%         3    ###....


Dungeon Overview and Level Annotations

Branches:
Dungeon (6/15)
 Temple: D:4-7

Altars:
Ashenzari
Fedhas
Sif Muna

Annotations:
D:2 1 runed door
D:3 exclusion: adder, Natasha
D:4 exclusions: adder, orc, orc priest and sensed monster (detected), Gorglomux's ghost, novice VSFi
D:5 exclusion: adder


Innate Abilities, Weirdness & Mutations

You cannot be hasted, slowed, berserked, paralysed or teleported.
You can dig through walls and to a lower floor.
Your four strong arms can wield two-handed weapons with a shield.
You have a pair of large antennae on your head. (SInv)


Message History

The worker ant bites you.
* * * LOW HITPOINT WARNING * * *
Evoke which item? (* to show all) (? for menu, Esc to quit)
Aiming: Throw Flame (will waste charges)
Press: ? - help, Shift-Dir - straight line, f/p - worker ant
Aim: a worker ant The puff of flame misses the worker ant.
Evoking this partially-identified wand wasted a few charges.
You feel sick.
You are no longer poisoned.
The worker ant bites you.
* * * LOW HITPOINT WARNING * * *
You fade into invisibility!
The worker ant closely misses you.
You hit the worker ant but do no damage.
The worker ant bites you.
* * * LOW HITPOINT WARNING * * *
The worker ant closely misses you.
You closely miss the worker ant. The worker ant bites you.
You die...

.. # #.# #.#. #.#
#.#.##### #.# #.
......... ..# # .S
#.......###.#.# .##.
...........#.# ....
#.#.#.........# .#..
.......@###.### ....
..###..a###.#
.#.......#....>......#
.# #....#####....##.#
....#.#......#....##.#
.####.#......#....##.#
.# #.#.#....#....##.#
..# #.#.........####.#
.####.#.....##..# #.#


You could see a worker ant.

Vanquished Creatures
  An adder (D:3)
  A worm (D:2)
  3 dart slugs
  2 orcs
  5 giant cockroaches
  6 hobgoblins
  3 bats
  5 frilled lizards
  3 kobolds
  5 rats
34 creatures vanquished.

Notes
Turn   | Place    | Note
-------+----------+-------------------------------------------
     0 | D:1      | xgamer67 the Formicid Enchanter began the quest for the Orb.
     0 | D:1      | Reached XP level 1. HP: 13/13 MP: 3/3
     6 | D:1      | Noticed a water moccasin
     6 | D:1      | Noticed a hound
     6 | D:1      | Noticed a swamp worm
     6 | D:1      | Noticed a rime drake
     6 | D:1      | Noticed a worker ant
   147 | D:1      | Reached skill level 1 in Fighting
   257 | D:1      | Reached XP level 2. HP: 22/22 MP: 5/5
   766 | D:2      | Found a runed door.
   857 | D:2      | Reached XP level 3. HP: 28/28 MP: 6/6
   959 | D:2      | Found a blossoming altar of Fedhas.
  1058 | D:2      | Found a deep blue altar of Sif Muna.
  1357 | D:3      | Noticed Natasha
  1368 | D:2      | Learned a level 3 spell: Confuse
  1727 | D:3      | Found a shattered altar of Ashenzari.
  1786 | D:3      | Reached XP level 4. HP: 35/35 MP: 7/7
  1794 | D:3      | Learned a level 3 spell: Tukima's Dance
  1854 | D:4      | Noticed Gorglomux's ghost (novice VSFi)
  1885 | D:4      | You fall through a shaft!
  1885 | D:5      | Entered Level 5 of the Dungeon
  2700 | D:4      | Slain by a worker ant

Skill      XL: |  1  2  3 |
---------------+----------+-----
Fighting       | 1 2 3 |  3.7
Short Blades   | |  1.0
Dodging        | |  1.7
Stealth        | |  3.6
Spellcasting   | |  2.1
Hexes          | |  3.6

Action                   |  1- 3 |  4- 6 || total
-------------------------+-------+-------++-------
Melee: Dagger            |   165 |    39 ||   204
       War axe           |       |    16 ||    16
Throw: Stone             |    11 |       ||    11
 Cast: Corona            |     3 |       ||     3
       Confuse           |     3 |     2 ||     5
 Abil: Shaft Self        |       |     1 ||     1
Evoke: Wand              |       |     1 ||     1
  Use: Scroll            |     2 |     3 ||     5
       Potion            |       |     3 ||     3
 Stab: Sleeping          |     3 |     1 ||     4
  Eat: Chunk             |     4 |     3 ||     7
Armor: Ring mail         |    53 |    22 ||    75
Dodge: Dodged            |    88 |    29 ||   117
